Minnesota Wild vs Dallas Stars

Created - samedi 6 avril 2019 at 19:00

Goals
1 2 3 OT1 T
Minnesota Wild 0 3 1 1 5
Dallas Stars 0 0 4 0 4
Shots
1 2 3 OT1 T
Minnesota Wild 7 6 22 2 37
Dallas Stars 9 8 16 1 34

1st period

No Goal

Penalties :
Jordan Schroeder (MIN) for Hooking (Minor) at 1:19, Jordan Schroeder (MIN) for Hooking (Minor) at 5:28

2nd period

1. Minnesota Wild , Patrick Sharp 12 (Joel Eriksson Ek 17, Mika Zibanejad 16) at 1:15
2. Minnesota Wild , Nick Seeler 1 (Mika Zibanejad 17, Patrick Sharp 14) at 9:39 (PP)
3. Minnesota Wild , Mika Zibanejad 23 (Joel Eriksson Ek 18, Jonas Brodin 14) at 9:47

Penalties :
Matthew Tkachuk (DAL) for Interference (Minor) at 8:32, Joel Eriksson Ek (MIN) for Kneeing (Major) at 10:01

3rd period

4. Dallas Stars , Carl Soderberg 17 (Matthew Tkachuk 18, Ryan Ellis 20) at 0:41
5. Dallas Stars , Devin Shore 9 (Trevor Daley 11) at 2:16
6. Dallas Stars , Devin Shore 10 (Riley Sheahan 20, Stephen Johns 4) at 6:47
7. Minnesota Wild , Matt Cullen 12 (Brendan Leipsic 8, Robert Hagg 10) at 8:53
8. Dallas Stars , Viktor Arvidsson 35 (Mark Scheifele 48, Loui Eriksson 13) at 13:23

Penalties :
No Penalty

Overtime #1

9. Minnesota Wild , Joel Eriksson Ek 8 (Matt Dumba 27, Jonas Brodin 15) at 2:50

Penalties :
No Penalty

Goalie Stats

James Reimer (MIN), 30 saves from 34 shots - (0.882), W, 19-27-9, 62:50 minutes
Carter Hutton (DAL), 32 saves from 37 shots - (0.865), OTL, 11-5-1, 62:50 minutes

Players Stats for Minnesota Wild

Player Name              G  A  P  +/- PIM S  H  SB GA TA FO     MP     PP MP  PK MP  
------------------------------------------------------------------------------------
Brendan Leipsic          0  1  1   1  0   1  3  0  1  0  0/1    16:03   0:00   3:00 
David Warsofsky          0  0  0   0  0   2  1  1  0  1  0/0    18:26   0:34   3:49 
Jason Zucker             0  0  0  -2  0   5  3  0  0  1  1/1    18:08   0:29   2:22 
Joel Eriksson Ek         1  2  3   3  5   9  3  0  2  0  2/2    17:57   0:38   1:51 
Johan Larsson            0  0  0  -2  0   2  1  1  1  0  4/6    11:25   0:00   3:23 
Jonas Brodin             0  2  2   1  0   2  5  0  0  0  0/0    23:59   0:00   1:07 
Jordan Schroeder         0  0  0   2  4   1  1  0  0  0  0/1    15:22   0:00   1:31 
Luke Kunin               0  0  0  -2  0   2  1  1  0  0  0/1     7:34   0:00   0:00 
Matt Cullen              1  0  1   1  0   2  3  1  0  2  5/11   16:47   0:00   3:17 
Matt Dumba               0  1  1   0  0   1  2  2  3  0  0/0    25:45   0:33   3:49 
Mika Zibanejad           1  2  3   2  0   1  2  1  0  0  14/24  17:55   0:38   1:42 
Mikael Granlund          0  0  0  -2  0   2  1  0  1  0  0/1    16:30   0:29   0:00 
Mikko Koivu              0  0  0  -2  0   1  0  1  0  0  10/18  16:27   0:29   0:21 
Nate Prosser             0  0  0   0  0   0  0  3  0  2  0/0    18:33   0:33   4:01 
Nick Seeler              1  0  1  -1  0   2  2  1  0  0  0/0    18:55   0:34   4:01 
Patrick Sharp            1  1  2   2  0   2  0  0  0  0  0/1    15:50   0:38   0:27 
Robert Hagg              0  1  1  -1  0   1  4  1  0  2  0/0    16:20   0:00   1:07 
Ty Rattie                0  0  0  -2  0   1  0  0  0  0  0/0     7:34   0:00   0:00 

Players Stats for Dallas Stars

Player Name              G  A  P  +/- PIM S  H  SB GA TA FO     MP     PP MP  PK MP  
------------------------------------------------------------------------------------
Carl Soderberg           1  0  1  -1  0   5  3  0  1  0  10/19  17:36   3:40   0:00 
Colton Parayko           0  0  0  -2  0   0  1  5  0  2  0/0    23:19   1:30   0:19 
Derek Grant              0  0  0   2  0   0  2  0  1  1  0/1    10:48   1:08   0:23 
Devin Shore              2  0  2   2  0   4  1  0  0  0  1/1    10:07   1:06   0:00 
James Neal               0  0  0  -1  0   4  0  0  0  0  1/1    17:32   3:40   0:00 
John Klingberg           0  0  0  -1  0   1  4  1  1  1  0/0    24:34   4:05   0:00 
Kyle Connor              0  0  0   0  0   2  1  1  1  1  0/0    16:39   3:26   0:00 
Loui Eriksson            0  1  1   0  0   1  1  1  0  0  0/0    16:32   1:05   0:27 
Mark Scheifele           0  1  1  -1  0   4  2  1  2  0  10/29  20:28   3:57   0:00 
Matthew Tkachuk          0  1  1  -1  2   1  2  1  0  0  1/1    17:37   3:47   0:00 
Oscar Klefbom            0  0  0   1  0   1  0  3  0  0  0/0    15:46   0:28   0:19 
Pierre-Edouard Bellemare 0  0  0   2  0   1  1  1  0  0  3/4    10:07   0:47   0:40 
Riley Sheahan            0  1  1   0  0   0  1  0  0  0  5/9    14:05   0:11   0:27 
Ryan Ellis               0  1  1   1  0   0  1  0  2  0  0/0    19:34   4:12   0:00 
Stephen Johns            0  1  1   1  0   0  1  1  0  1  0/0    18:53   3:50   0:48 
Tom Wilson               0  0  0   0  0   4  1  1  0  0  0/1    14:10   0:14   0:17 
Trevor Daley             0  1  1   1  0   0  1  3  0  2  0/0    19:31   3:49   0:48 
Viktor Arvidsson         1  0  1  -1  0   6  4  2  0  0  0/1    20:04   3:50   0:00 

3 Stars

1 - Mika Zibanejad (MIN)
2 - Devin Shore (DAL)
3 - Joel Eriksson Ek (MIN)

Power Play

Minnesota Wild - 1 on 1 Attempt(s) - 100.00%
Dallas Stars - 0 on 3 Attempt(s) - 0.00%

Penalty Kill

Minnesota Wild - 3 on 3 Attempt(s) - 100.00% - Score 0 goal in Penalty Kill
Dallas Stars - 0 on 1 Attempt(s) - 0.00% - Score 0 goal in Penalty Kill

Team Stat

Minnesota Wild - Hits : 32 - Faceoff Wins : 36 - Blocked Shots : 13 - Penalty Minutes : 9
Dallas Stars - Hits : 27 - Faceoff Wins : 31 - Blocked Shots : 21 - Penalty Minutes : 2

Official

Referees : Kevin Pollock and Tom Chmielewski
Linesman : Tim Nowak and Shane Heyer

Game Notes

No Game Note

Finance

Level 1 -- Attendance: 10598 (97.23%) -- Ticket Income fr. 837'242
Level 2 -- Attendance: 2060 (91.56%) -- Ticket Income fr. 131'840
Level 3 -- Attendance: 3460 (91.05%) -- Ticket Income fr. 110'720
Level 4 -- Attendance: 1307 (87.13%) -- Ticket Income fr. 24'833
Luxury Box -- Attendance: 40 (80.00%) -- Ticket Income fr. 8'200
Game was played at the American Airlines Center.
Total Attendance: 17465 (94.41%)
Total Ticket Income: fr. 1'112'835
Total Income: fr. 1'112'835

Minnesota Wild

5 vs 5 Forward 
   Center                   Left Wing                Right Wing               Time % Phy DF OF 
 1 Mikko Koivu              Jason Zucker             Mikael Granlund          30     1   2  2  
 2 Mika Zibanejad           Joel Eriksson Ek         Patrick Sharp            30     1   2  2  
 3 Matt Cullen              Brendan Leipsic          Jordan Schroeder         25     1   2  2  
 4 Johan Larsson            Ty Rattie                Luke Kunin               15     1   2  2  

5 vs 5 Defense 
   Defense                  Defense                                           Time % Phy DF OF 
 1 Matt Dumba               Jonas Brodin                                      30     1   2  2  
 2 Nick Seeler              Robert Hagg                                       30     1   2  2  
 3 David Warsofsky          Nate Prosser                                      25     1   2  2  
 4 Matt Dumba               Jonas Brodin                                      15     1   2  2  

PowerPlay Forward 
   Center                   Left Wing                Right Wing               Time % Phy DF OF 
 1 Mikko Koivu              Jason Zucker             Mikael Granlund          50     1   2  2  
 2 Mika Zibanejad           Patrick Sharp            Joel Eriksson Ek         50     1   2  2  

PowerPlay Defense
   Defense                  Defense                                           Time % Phy DF OF 
 1 Matt Dumba               Nate Prosser                                      50     1   2  2  
 2 David Warsofsky          Nick Seeler                                       50     1   2  2  

Penalty Kill 4 Players Forward 
   Center                   Wing                     Time % Phy DF OF 
 1 Johan Larsson            Brendan Leipsic          50     1   2  2  
 2 Joel Eriksson Ek         Matt Cullen              50     1   2  2  

Penalty Kill 4 Players Defense
   Defense                  Defense                  Time % Phy DF OF 
 1 David Warsofsky          Matt Dumba               50     1   2  2  
 2 Nick Seeler              Nate Prosser             50     1   2  2  

Penalty Kill - 3 Players Forward 
   Forward                                           Time % Phy DF OF 
 1 Johan Larsson                                     50     1   2  2  
 2 Matt Cullen                                       50     1   2  2  

Penalty Kill - 3 Players Defense
   Defense                  Defense                  Time % Phy DF OF 
 1 David Warsofsky          Matt Dumba               50     1   2  2  
 2 Nick Seeler              Nate Prosser             50     1   2  2  

4 vs 4 Forward 
   Center                   Wing                     Time % Phy DF OF 
 1 Mikko Koivu              Mikael Granlund          50     1   2  2  
 2 Mika Zibanejad           Patrick Sharp            50     1   2  2  

4 vs 4 Defense
   Defense                  Defense                  Time % Phy DF OF 
 1 Matt Dumba               David Warsofsky          50     1   2  2  
 2 David Warsofsky          Nate Prosser             50     1   2  2  

Last Minutes Offensive
   Center                   Left Wing                Right Wing               Defense                  Defense                  
   Mika Zibanejad           Jason Zucker             Mikael Granlund          Patrick Sharp            Matt Dumba               

Last Minutes Defensive
   Center                   Left Wing                Right Wing               Defense                  Defense                  
   Mikko Koivu              Joel Eriksson Ek         Brendan Leipsic          Robert Hagg              Jonas Brodin             

Goaltenders
Starting : James Reimer             
Backup : Darcy Kuemper            

Extra Forwards
Normal : Mikael Granlund, Mika Zibanejad, Jason Zucker - PP : Patrick Sharp, Jason Zucker - PK : Johan Larsson
Extra Defensemen
Normal : David Warsofsky, Matt Dumba, Nick Seeler - PP : David Warsofsky - PK : Matt Dumba, Nick Seeler
Penalty Shots
Mikael Granlund, Mikko Koivu, Mika Zibanejad, Matt Cullen, Johan Larsson
Custom OT Lines Forwards
Mikael Granlund, Mikko Koivu, Mika Zibanejad, Matt Cullen, Johan Larsson, Jason Zucker, Joel Eriksson Ek, Jordan Schroeder, Patrick Sharp, Brendan Leipsic
Custom OT Lines Defensemen
Jonas Brodin, Matt Dumba, Nick Seeler, Nate Prosser, David Warsofsky

Scratches
Alexander Steen (Healthy), Christian Folin (Healthy)

Dallas Stars

5 vs 5 Forward 
   Center                   Left Wing                Right Wing               Time % Phy DF OF 
 1 Mark Scheifele           Viktor Arvidsson         Loui Eriksson            32     1   1  3  
 2 Carl Soderberg           Matthew Tkachuk          James Neal               27     1   2  2  
 3 Riley Sheahan            Kyle Connor              Tom Wilson               25     1   3  1  
 4 Pierre-Edouard Bellemare Derek Grant              Devin Shore              16     2   3  0  

5 vs 5 Defense 
   Defense                  Defense                                           Time % Phy DF OF 
 1 John Klingberg           Colton Parayko                                    32     1   2  2  
 2 Ryan Ellis               Trevor Daley                                      30     1   2  2  
 3 Stephen Johns            Oscar Klefbom                                     28     2   3  0  
 4 John Klingberg           Colton Parayko                                    10     1   4  0  

PowerPlay Forward 
   Center                   Left Wing                Right Wing               Time % Phy DF OF 
 1 Mark Scheifele           Matthew Tkachuk          Viktor Arvidsson         52     0   0  5  
 2 Carl Soderberg           Kyle Connor              James Neal               48     0   0  5  

PowerPlay Defense
   Defense                  Defense                                           Time % Phy DF OF 
 1 John Klingberg           Trevor Daley                                      50     0   0  5  
 2 Ryan Ellis               Stephen Johns                                     50     0   0  5  

Penalty Kill 4 Players Forward 
   Center                   Wing                     Time % Phy DF OF 
 1 Pierre-Edouard Bellemare Tom Wilson               52     0   5  0  
 2 Riley Sheahan            Loui Eriksson            48     0   5  0  

Penalty Kill 4 Players Defense
   Defense                  Defense                  Time % Phy DF OF 
 1 Stephen Johns            Trevor Daley             52     0   5  0  
 2 Colton Parayko           Oscar Klefbom            48     0   5  0  

Penalty Kill - 3 Players Forward 
   Forward                                           Time % Phy DF OF 
 1 Pierre-Edouard Bellemare                          52     0   5  0  
 2 Carl Soderberg                                    48     0   5  0  

Penalty Kill - 3 Players Defense
   Defense                  Defense                  Time % Phy DF OF 
 1 Stephen Johns            Trevor Daley             52     0   5  0  
 2 Colton Parayko           Oscar Klefbom            48     0   5  0  

4 vs 4 Forward 
   Center                   Wing                     Time % Phy DF OF 
 1 Mark Scheifele           Loui Eriksson            52     0   2  3  
 2 Riley Sheahan            Devin Shore              48     0   3  2  

4 vs 4 Defense
   Defense                  Defense                  Time % Phy DF OF 
 1 John Klingberg           Colton Parayko           65     1   2  2  
 2 Ryan Ellis               Oscar Klefbom            35     1   2  2  

Last Minutes Offensive
   Center                   Left Wing                Right Wing               Defense                  Defense                  
   Mark Scheifele           Viktor Arvidsson         Kyle Connor              John Klingberg           Ryan Ellis               

Last Minutes Defensive
   Center                   Left Wing                Right Wing               Defense                  Defense                  
   Pierre-Edouard Bellemare Loui Eriksson            Tom Wilson               Oscar Klefbom            Colton Parayko           

Goaltenders
Starting : Carter Hutton            
Backup : Jake Allen               

Extra Forwards
Normal : James Neal, Mark Scheifele, Viktor Arvidsson - PP : James Neal, Mark Scheifele - PK : Riley Sheahan
Extra Defensemen
Normal : Ryan Ellis, John Klingberg, Trevor Daley - PP : John Klingberg - PK : Oscar Klefbom, Colton Parayko
Penalty Shots
Mark Scheifele, James Neal, Matthew Tkachuk, Viktor Arvidsson, Ryan Ellis
Custom OT Lines Forwards
Viktor Arvidsson, Mark Scheifele, Matthew Tkachuk, Carl Soderberg, James Neal, Kyle Connor, Loui Eriksson, Tom Wilson, Riley Sheahan, Devin Shore
Custom OT Lines Defensemen
Colton Parayko, John Klingberg, Oscar Klefbom, Trevor Daley, Ryan Ellis

Scratches
Nino Niederreiter (Bruised Right Foot Injury)

% Time on Ice - Minnesota Wild

Lines # - Real PCT - Wanted PCT - Time Play
Normal Forward
1 - 30% - 30% - 15:01
2 - 29% - 30% - 14:30
3 - 26% - 25% - 12:51
4 - 15% - 15% - 7:34
Normal Defense
1 - 31% - 30% - 15:22
2 - 31% - 30% - 15:21
3 - 26% - 25% - 12:47
4 - 13% - 15% - 6:26
PP Forward
1 - 43% - 50% - 0:29
2 - 57% - 50% - 0:38
PP Defense
1 - 49% - 50% - 0:33
2 - 51% - 50% - 0:34
PK Forward
1 - 39% - 50% - 3:32
2 - 61% - 50% - 5:25
PK Defense
1 - 54% - 50% - 4:50
2 - 46% - 50% - 4:07
PK3 Forward
1 - 0% - 50%
2 - 0% - 50%
PK3 Defense
1 - 0% - 50%
2 - 0% - 50%
44 Forward
1 - 0% - 50%
2 - 0% - 50%
44 Defense
1 - 0% - 50%
2 - 0% - 50%
Last Minute Offensive  - 0:00
Last Minute Defensive  - 0:00
Total
Forward - 60:00
Defense - 60:00

% Time on Ice - Dallas Stars

Lines # - Real PCT - Wanted PCT - Time Play
Normal Forward
1 - 30% - 32% - 15:02
2 - 26% - 27% - 13:08
3 - 27% - 25% - 13:27
4 - 17% - 16% - 8:19
Normal Defense
1 - 34% - 32% - 16:46
2 - 31% - 30% - 15:22
3 - 28% - 28% - 13:59
4 - 8% - 10% - 3:49
PP Forward
1 - 51% - 52% - 4:33
2 - 49% - 48% - 4:24
PP Defense
1 - 46% - 50% - 4:06
2 - 54% - 50% - 4:51
PK Forward
1 - 60% - 52% - 0:40
2 - 40% - 48% - 0:27
PK Defense
1 - 72% - 52% - 0:48
2 - 28% - 48% - 0:19
PK3 Forward
1 - 0% - 52%
2 - 0% - 48%
PK3 Defense
1 - 0% - 52%
2 - 0% - 48%
44 Forward
1 - 0% - 52%
2 - 0% - 48%
44 Defense
1 - 0% - 65%
2 - 0% - 35%
Last Minute Offensive  - 0:00
Last Minute Defensive  - 0:00
Total
Forward - 60:00
Defense - 60:00

Play-by-Play

1st period


0:01 of 1st period - Mark Scheifele wins face-off versus Mikko Koivu in neutral zone.
0:46 of 1st period - Ryan Ellis is hit by Robert Hagg and loses puck.
1:19 of 1st period - Minor Penalty to Jordan Schroeder for Hooking.
1:20 of 1st period - Joel Eriksson Ek wins face-off versus Mark Scheifele in Minnesota Wild zone.
2:03 of 1st period - Nick Seeler is hit by Mark Scheifele.
3:19 of 1st period - Penalty to Jordan Schroeder is over, Jordan Schroeder is back on ice.
4:00 of 1st period - Icing by Jonas Brodin.
4:01 of 1st period - Johan Larsson wins face-off versus Viktor Arvidsson in Minnesota Wild zone.
4:19 of 1st period - Icing by Loui Eriksson.
4:20 of 1st period - Matt Cullen wins face-off versus Mark Scheifele in Dallas Stars zone.
4:27 of 1st period - Slapshot by Jason Zucker.
4:27 of 1st period - Stopped by Carter Hutton with a rebound.
5:03 of 1st period - Snap shot by Viktor Arvidsson.
5:03 of 1st period - Stopped by James Reimer without a rebound.
5:04 of 1st period - Matthew Tkachuk wins face-off versus Mikko Koivu in Minnesota Wild zone.
5:09 of 1st period - Snap shot by James Neal.
5:09 of 1st period - Shot Blocked by Matt Dumba.
5:11 of 1st period - Wrist shot by Carl Soderberg.
5:11 of 1st period - Stopped by James Reimer without a rebound.
5:12 of 1st period - Carl Soderberg wins face-off versus Mikko Koivu in Minnesota Wild zone.
5:15 of 1st period - Wrist shot by James Neal.
5:15 of 1st period - Stopped by James Reimer with a rebound.
5:25 of 1st period - Snap shot by Carl Soderberg.
5:25 of 1st period - Stopped by James Reimer without a rebound.
5:26 of 1st period - Matt Cullen wins face-off versus Tom Wilson in Minnesota Wild zone.
5:28 of 1st period - Minor Penalty to Jordan Schroeder for Hooking.
5:29 of 1st period - Johan Larsson wins face-off versus Mark Scheifele in Minnesota Wild zone.
5:43 of 1st period - Wrist shot by Mark Scheifele.
5:43 of 1st period - Stopped by James Reimer with a rebound.
5:45 of 1st period - Slapshot by John Klingberg.
5:45 of 1st period - Shot Misses the Net.
6:01 of 1st period - Snap shot by Carl Soderberg.
6:01 of 1st period - Shot Blocked by Nate Prosser.
7:28 of 1st period - Penalty to Jordan Schroeder is over, Jordan Schroeder is back on ice.
8:19 of 1st period - Mark Scheifele is hit by Matt Cullen.
9:21 of 1st period - Riley Sheahan is hit by Matt Dumba and loses puck.
9:53 of 1st period - Viktor Arvidsson is hit by Mikael Granlund and loses puck.
10:10 of 1st period - Derek Grant is hit by Johan Larsson and loses puck.
10:24 of 1st period - Icing by Nate Prosser.
10:25 of 1st period - Carl Soderberg wins face-off versus Johan Larsson in Minnesota Wild zone.
10:30 of 1st period - Wrist shot by Tom Wilson.
10:30 of 1st period - Shot Blocked by Luke Kunin.
10:32 of 1st period - Slapshot by Ryan Ellis.
10:32 of 1st period - Deflect By Tom Wilson.
10:32 of 1st period - Stopped by James Reimer without a rebound.
10:33 of 1st period - Riley Sheahan wins face-off versus Matt Cullen in Minnesota Wild zone.
10:34 of 1st period - Snap shot by Kyle Connor.
10:34 of 1st period - Shot Misses the Net.
10:42 of 1st period - Snap shot by Tom Wilson.
10:42 of 1st period - Shot Misses the Net.
10:44 of 1st period - Wrist shot by Kyle Connor.
10:44 of 1st period - Stopped by James Reimer with a rebound.
11:10 of 1st period - Matt Dumba is hit by Viktor Arvidsson and loses puck.
11:33 of 1st period - Backhand shot by Joel Eriksson Ek.
11:33 of 1st period - Stopped by Carter Hutton with a rebound.
11:35 of 1st period - Backhand shot by Joel Eriksson Ek.
11:35 of 1st period - Deflect By Viktor Arvidsson.
11:35 of 1st period - Shot Misses the Net.
11:35 of 1st period - Puck is out of play.
11:36 of 1st period - Matt Cullen wins face-off versus Carl Soderberg in Dallas Stars zone.
11:55 of 1st period - Carl Soderberg is hit by Jordan Schroeder and loses puck.
12:04 of 1st period - Snap shot by Carl Soderberg.
12:04 of 1st period - Shot Blocked by Matt Cullen.
12:06 of 1st period - Snap shot by Carl Soderberg.
12:06 of 1st period - Stopped by James Reimer without a rebound.
12:07 of 1st period - Mikko Koivu wins face-off versus Riley Sheahan in Minnesota Wild zone.
12:20 of 1st period - Oscar Klefbom is hit by Jason Zucker.
12:56 of 1st period - Robert Hagg is hit by Stephen Johns and loses puck.
13:23 of 1st period - Slapshot by Brendan Leipsic.
13:23 of 1st period - Shot Blocked by Oscar Klefbom.
14:19 of 1st period - Snap shot by Matt Cullen.
14:19 of 1st period - Stopped by Carter Hutton without a rebound.
14:20 of 1st period - Carl Soderberg wins face-off versus Matt Cullen in Dallas Stars zone.
14:30 of 1st period - Off-side.
14:31 of 1st period - Carl Soderberg wins face-off versus Mikko Koivu in neutral zone.
14:34 of 1st period - Jonas Brodin is hit by Carl Soderberg and loses puck.
16:03 of 1st period - Snap shot by Jason Zucker.
16:03 of 1st period - Stopped by Carter Hutton without a rebound.
16:04 of 1st period - Mika Zibanejad wins face-off versus Carl Soderberg in Dallas Stars zone.
16:19 of 1st period - Joel Eriksson Ek is hit by Carl Soderberg and loses puck.
16:30 of 1st period - Tom Wilson is hit by Jonas Brodin and loses puck.
17:33 of 1st period - Off-side.
17:34 of 1st period - Mika Zibanejad wins face-off versus Mark Scheifele in neutral zone.
17:41 of 1st period - Loui Eriksson is hit by Joel Eriksson Ek and loses puck.
18:02 of 1st period - Snap shot by Carl Soderberg.
18:02 of 1st period - Stopped by James Reimer without a rebound.
18:03 of 1st period - Matt Cullen wins face-off versus Carl Soderberg in Minnesota Wild zone.
18:03 of 1st period - Matt Cullen is hit by John Klingberg.
18:09 of 1st period - Snap shot by Brendan Leipsic.
18:09 of 1st period - Stopped by Carter Hutton with a rebound.
18:11 of 1st period - Slapshot by David Warsofsky.
18:11 of 1st period - Stopped by Carter Hutton without a rebound.
18:12 of 1st period - Mika Zibanejad wins face-off versus Riley Sheahan in Dallas Stars zone.
18:56 of 1st period - Off-side.
18:57 of 1st period - Mikko Koivu wins face-off versus Mark Scheifele in neutral zone.
19:00 of 1st period - Slapshot by Matt Dumba.
19:00 of 1st period - Shot Blocked by Trevor Daley.
19:02 of 1st period - Slapshot by Jonas Brodin.
19:02 of 1st period - Stopped by Carter Hutton without a rebound.
19:03 of 1st period - Riley Sheahan wins face-off versus Mika Zibanejad in Dallas Stars zone.
19:10 of 1st period - Trevor Daley is hit by Joel Eriksson Ek and loses puck.
Goals for this period are 0 for Minnesota Wild vs 0 for Dallas Stars.
Shots for this period are 7 for Minnesota Wild vs 9 for Dallas Stars.

2nd period


0:01 of 2nd period - Mika Zibanejad wins face-off versus Riley Sheahan in neutral zone.
0:24 of 2nd period - Jonas Brodin is hit by Viktor Arvidsson and loses puck.
0:37 of 2nd period - Snap shot by Mark Scheifele.
0:37 of 2nd period - Shot Blocked by Mikko Koivu.
0:52 of 2nd period - Off-side.
0:53 of 2nd period - Carl Soderberg wins face-off versus Mika Zibanejad in neutral zone.
1:00 of 2nd period - Backhand shot by Matthew Tkachuk.
1:00 of 2nd period - Stopped by James Reimer without a rebound.
1:01 of 2nd period - Mika Zibanejad wins face-off versus Carl Soderberg in Minnesota Wild zone.
1:06 of 2nd period - Carl Soderberg is hit by Joel Eriksson Ek and loses puck.
1:13 of 2nd period - Wrist shot by Joel Eriksson Ek.
1:13 of 2nd period - Shot Misses the Net.
1:15 of 2nd period - Snap shot by Patrick Sharp.
1:15 of 2nd period - Goal by Patrick Sharp - Minnesota Wild : 1 - Dallas Stars : 0.
1:16 of 2nd period - Mikko Koivu wins face-off versus Mark Scheifele in neutral zone.
1:49 of 2nd period - Icing by Matt Dumba.
1:50 of 2nd period - Mika Zibanejad wins face-off versus Pierre-Edouard Bellemare in Minnesota Wild zone.
1:50 of 2nd period - Mika Zibanejad is hit by Pierre-Edouard Bellemare.
2:40 of 2nd period - Luke Kunin is hit by Tom Wilson and loses puck.
4:13 of 2nd period - Nate Prosser is hit by John Klingberg.
4:19 of 2nd period - Snap shot by Derek Grant.
4:19 of 2nd period - Shot Misses the Net.
4:39 of 2nd period - Wrist shot by Viktor Arvidsson.
4:39 of 2nd period - Stopped by James Reimer without a rebound.
4:40 of 2nd period - Carl Soderberg wins face-off versus Matt Cullen in Minnesota Wild zone.
4:53 of 2nd period - Matthew Tkachuk is hit by Brendan Leipsic and loses puck.
5:04 of 2nd period - David Warsofsky is hit by Viktor Arvidsson.
5:08 of 2nd period - Mark Scheifele is hit by Mika Zibanejad.
5:26 of 2nd period - Ryan Ellis is hit by Robert Hagg and loses puck.
5:48 of 2nd period - Tom Wilson is hit by Brendan Leipsic and loses puck.
6:10 of 2nd period - Brendan Leipsic is hit by Kyle Connor and loses puck.
6:51 of 2nd period - Robert Hagg is hit by John Klingberg and loses puck.
7:00 of 2nd period - Snap shot by Riley Sheahan.
7:00 of 2nd period - Shot Blocked by Robert Hagg.
7:02 of 2nd period - Slapshot by John Klingberg.
7:02 of 2nd period - Stopped by James Reimer with a rebound.
7:10 of 2nd period - Wrist shot by Tom Wilson.
7:10 of 2nd period - Stopped by James Reimer without a rebound.
7:11 of 2nd period - Mikko Koivu wins face-off versus Mark Scheifele in Minnesota Wild zone.
7:11 of 2nd period - Mikko Koivu is hit by Viktor Arvidsson.
7:17 of 2nd period - Slapshot by Jonas Brodin.
7:17 of 2nd period - Shot Blocked by Viktor Arvidsson.
7:19 of 2nd period - Snap shot by Mikael Granlund.
7:19 of 2nd period - Deflect By Mikko Koivu.
7:19 of 2nd period - Shot Blocked by Trevor Daley.
7:19 of 2nd period - Puck is out of play.
7:20 of 2nd period - Mikko Koivu wins face-off versus Mark Scheifele in Dallas Stars zone.
7:25 of 2nd period - Wrist shot by Jason Zucker.
7:25 of 2nd period - Stopped by Carter Hutton with a rebound.
7:27 of 2nd period - Slapshot by Mikko Koivu.
7:27 of 2nd period - Deflect By Ryan Ellis.
7:27 of 2nd period - Shot Misses the Net.
7:27 of 2nd period - Puck is out of play.
7:28 of 2nd period - Mika Zibanejad wins face-off versus Carl Soderberg in Dallas Stars zone.
8:00 of 2nd period - Snap shot by Mark Scheifele.
8:00 of 2nd period - Shot Blocked by David Warsofsky.
8:02 of 2nd period - Slapshot by Viktor Arvidsson.
8:02 of 2nd period - Shot Misses the Net.
8:04 of 2nd period - Wrist shot by Loui Eriksson.
8:04 of 2nd period - Shot Misses the Net.
8:30 of 2nd period - Wrist shot by Mikko Koivu.
8:30 of 2nd period - Stopped by Carter Hutton with a rebound.
8:32 of 2nd period - Minor Penalty to Matthew Tkachuk for Interference.
8:33 of 2nd period - Pierre-Edouard Bellemare wins face-off versus Mika Zibanejad in Dallas Stars zone.
9:15 of 2nd period - Icing by Mikko Koivu.
9:16 of 2nd period - Pierre-Edouard Bellemare wins face-off versus Mikko Koivu in Minnesota Wild zone.
9:19 of 2nd period - Wrist shot by Derek Grant.
9:19 of 2nd period - Shot Misses the Net.
9:25 of 2nd period - Backhand shot by Pierre-Edouard Bellemare.
9:25 of 2nd period - Stopped by James Reimer with a rebound.
9:37 of 2nd period - Wrist shot by Mika Zibanejad.
9:37 of 2nd period - Shot Blocked by Trevor Daley.
9:39 of 2nd period - Slapshot by Nick Seeler.
9:39 of 2nd period - Goal by Nick Seeler - Minnesota Wild : 2 - Dallas Stars : 0.
9:40 of 2nd period - Mika Zibanejad wins face-off versus Mark Scheifele in neutral zone.
9:43 of 2nd period - Slapshot by Matt Dumba.
9:43 of 2nd period - Shot Blocked by Colton Parayko.
9:45 of 2nd period - Slapshot by Jonas Brodin.
9:45 of 2nd period - Deflect By Joel Eriksson Ek.
9:45 of 2nd period - Stopped by Carter Hutton with a rebound.
9:47 of 2nd period - Slapshot by Mika Zibanejad.
9:47 of 2nd period - Goal by Mika Zibanejad - Minnesota Wild : 3 - Dallas Stars : 0.
9:48 of 2nd period - Carl Soderberg wins face-off versus Mika Zibanejad in neutral zone.
9:55 of 2nd period - Wrist shot by James Neal.
9:55 of 2nd period - Stopped by James Reimer without a rebound.
9:56 of 2nd period - Mark Scheifele wins face-off versus Mika Zibanejad in Minnesota Wild zone.
9:57 of 2nd period - Slapshot by Viktor Arvidsson.
9:57 of 2nd period - Stopped by James Reimer without a rebound.
9:58 of 2nd period - Mika Zibanejad wins face-off versus Mark Scheifele in Minnesota Wild zone.
9:58 of 2nd period - Mika Zibanejad is hit by Ryan Ellis.
10:01 of 2nd period - Major Penalty to Joel Eriksson Ek for Kneeing.
10:02 of 2nd period - Johan Larsson wins face-off versus Mark Scheifele in Minnesota Wild zone.
10:14 of 2nd period - Snap shot by Mark Scheifele.
10:14 of 2nd period - Shot Blocked by Nate Prosser.
10:16 of 2nd period - Slapshot by Viktor Arvidsson.
10:16 of 2nd period - Shot Blocked by Johan Larsson.
10:18 of 2nd period - Slapshot by Viktor Arvidsson.
10:18 of 2nd period - Stopped by James Reimer with a rebound.
11:00 of 2nd period - Mark Scheifele is hit by Jason Zucker and loses puck.
11:45 of 2nd period - Nick Seeler is hit by Trevor Daley and loses puck.
12:35 of 2nd period - Jonas Brodin is hit by Derek Grant and loses puck.
14:22 of 2nd period - Matt Dumba is hit by Colton Parayko and loses puck.
15:01 of 2nd period - Penalty to Joel Eriksson Ek is over, Joel Eriksson Ek is back on ice.
16:02 of 2nd period - Mark Scheifele is hit by Jonas Brodin and loses puck.
17:40 of 2nd period - Kyle Connor is hit by Nick Seeler and loses puck.
19:06 of 2nd period - Kyle Connor is hit by David Warsofsky and loses puck.
19:24 of 2nd period - Pierre-Edouard Bellemare is hit by Luke Kunin and loses puck.
19:47 of 2nd period - Viktor Arvidsson is hit by Brendan Leipsic and loses puck.
Goals for this period are 3 for Minnesota Wild vs 0 for Dallas Stars.
Shots for this period are 6 for Minnesota Wild vs 8 for Dallas Stars.

3rd period


0:01 of 3rd period - Mika Zibanejad wins face-off versus Mark Scheifele in neutral zone.
0:04 of 3rd period - Slapshot by Jonas Brodin.
0:04 of 3rd period - Shot Misses the Net.
0:06 of 3rd period - Slapshot by Jonas Brodin.
0:06 of 3rd period - Shot Blocked by Colton Parayko.
0:08 of 3rd period - Slapshot by Joel Eriksson Ek.
0:08 of 3rd period - Stopped by Carter Hutton with a rebound.
0:29 of 3rd period - Wrist shot by Mikael Granlund.
0:29 of 3rd period - Stopped by Carter Hutton without a rebound.
0:30 of 3rd period - Mikko Koivu wins face-off versus Carl Soderberg in Dallas Stars zone.
0:41 of 3rd period - Backhand shot by Carl Soderberg.
0:41 of 3rd period - Goal by Carl Soderberg - Minnesota Wild : 3 - Dallas Stars : 1.
0:42 of 3rd period - Mark Scheifele wins face-off versus Mika Zibanejad in neutral zone.
0:45 of 3rd period - Slapshot by Oscar Klefbom.
0:45 of 3rd period - Deflect By Patrick Sharp.
0:45 of 3rd period - Stopped by James Reimer without a rebound.
0:46 of 3rd period - Mika Zibanejad wins face-off versus Mark Scheifele in Minnesota Wild zone.
0:46 of 3rd period - Mika Zibanejad is hit by Loui Eriksson.
1:46 of 3rd period - Snap shot by Tom Wilson.
1:46 of 3rd period - Stopped by James Reimer with a rebound.
1:56 of 3rd period - Snap shot by Jordan Schroeder.
1:56 of 3rd period - Shot Hit the Post.
1:58 of 3rd period - Wrist shot by Ty Rattie.
1:58 of 3rd period - Stopped by Carter Hutton without a rebound.
1:59 of 3rd period - Pierre-Edouard Bellemare wins face-off versus Luke Kunin in Dallas Stars zone.
2:16 of 3rd period - Wrist shot by Devin Shore.
2:16 of 3rd period - Goal by Devin Shore - Minnesota Wild : 3 - Dallas Stars : 2.
2:17 of 3rd period - Mika Zibanejad wins face-off versus Mark Scheifele in neutral zone.
2:28 of 3rd period - Wrist shot by Mika Zibanejad.
2:28 of 3rd period - Shot Hit the Post.
2:30 of 3rd period - Slapshot by David Warsofsky.
2:30 of 3rd period - Stopped by Carter Hutton with a rebound.
2:32 of 3rd period - Wrist shot by Mika Zibanejad.
2:32 of 3rd period - Deflect By Joel Eriksson Ek.
2:32 of 3rd period - Shot Blocked by Loui Eriksson.
2:32 of 3rd period - Puck is out of play.
2:33 of 3rd period - James Neal wins face-off versus Mikko Koivu in Dallas Stars zone.
2:48 of 3rd period - Carl Soderberg is hit by Jonas Brodin and loses puck.
3:21 of 3rd period - Wrist shot by Jason Zucker.
3:21 of 3rd period - Shot Blocked by Mark Scheifele.
3:23 of 3rd period - Slapshot by Matt Dumba.
3:23 of 3rd period - Deflect By Loui Eriksson.
3:23 of 3rd period - Stopped by Carter Hutton without a rebound.
3:24 of 3rd period - Mika Zibanejad wins face-off versus Mark Scheifele in Dallas Stars zone.
3:39 of 3rd period - Snap shot by Mark Scheifele.
3:39 of 3rd period - Stopped by James Reimer with a rebound.
3:49 of 3rd period - Oscar Klefbom is hit by Nick Seeler and loses puck.
3:58 of 3rd period - Nick Seeler is hit by Carl Soderberg and loses puck.
4:11 of 3rd period - Wrist shot by Johan Larsson.
4:11 of 3rd period - Deflect By Colton Parayko.
4:11 of 3rd period - Stopped by Carter Hutton with a rebound.
4:13 of 3rd period - Slapshot by Luke Kunin.
4:13 of 3rd period - Stopped by Carter Hutton with a rebound.
4:15 of 3rd period - Snap shot by Nick Seeler.
4:15 of 3rd period - Shot Misses the Net.
4:17 of 3rd period - Snap shot by Robert Hagg.
4:17 of 3rd period - Stopped by Carter Hutton with a rebound.
4:19 of 3rd period - Wrist shot by Luke Kunin.
4:19 of 3rd period - Shot Blocked by Colton Parayko.
4:38 of 3rd period - Wrist shot by Kyle Connor.
4:38 of 3rd period - Shot Misses the Net.
5:34 of 3rd period - Wrist shot by Tom Wilson.
5:34 of 3rd period - Stopped by James Reimer without a rebound.
5:35 of 3rd period - Riley Sheahan wins face-off versus Mika Zibanejad in Minnesota Wild zone.
5:35 of 3rd period - Tom Wilson is hit by Jonas Brodin and loses puck.
5:38 of 3rd period - Wrist shot by Kyle Connor.
5:38 of 3rd period - Stopped by James Reimer without a rebound.
5:39 of 3rd period - Mark Scheifele wins face-off versus Mika Zibanejad in Minnesota Wild zone.
5:42 of 3rd period - Snap shot by Mark Scheifele.
5:42 of 3rd period - Stopped by James Reimer without a rebound.
5:43 of 3rd period - Mark Scheifele wins face-off versus Mika Zibanejad in Minnesota Wild zone.
6:10 of 3rd period - Slapshot by Matt Dumba.
6:10 of 3rd period - Shot Blocked by Matthew Tkachuk.
6:12 of 3rd period - Slapshot by Mikael Granlund.
6:12 of 3rd period - Shot Blocked by Oscar Klefbom.
6:14 of 3rd period - Slapshot by Jonas Brodin.
6:14 of 3rd period - Shot Blocked by Oscar Klefbom.
6:16 of 3rd period - Slapshot by Jonas Brodin.
6:16 of 3rd period - Stopped by Carter Hutton with a rebound.
6:28 of 3rd period - Wrist shot by Tom Wilson.
6:28 of 3rd period - Shot Blocked by Nick Seeler.
6:47 of 3rd period - Snap shot by Devin Shore.
6:47 of 3rd period - Goal by Devin Shore - Minnesota Wild : 3 - Dallas Stars : 3.
6:48 of 3rd period - Mark Scheifele wins face-off versus Patrick Sharp in neutral zone.
7:01 of 3rd period - Snap shot by Viktor Arvidsson.
7:01 of 3rd period - Stopped by James Reimer without a rebound.
7:02 of 3rd period - Carl Soderberg wins face-off versus Mikko Koivu in Minnesota Wild zone.
7:27 of 3rd period - Nate Prosser is hit by Devin Shore and loses puck.
7:41 of 3rd period - Mika Zibanejad is hit by Derek Grant and loses puck.
7:52 of 3rd period - Derek Grant is hit by Matt Dumba and loses puck.
8:09 of 3rd period - Slapshot by Matt Dumba.
8:09 of 3rd period - Deflect By Joel Eriksson Ek.
8:09 of 3rd period - Stopped by Carter Hutton with a rebound.
8:11 of 3rd period - Slapshot by Jonas Brodin.
8:11 of 3rd period - Shot Blocked by Pierre-Edouard Bellemare.
8:13 of 3rd period - Snap shot by Patrick Sharp.
8:13 of 3rd period - Stopped by Carter Hutton with a rebound.
8:15 of 3rd period - Slapshot by Matt Dumba.
8:15 of 3rd period - Deflect By Mika Zibanejad.
8:15 of 3rd period - Shot Misses the Net.
8:15 of 3rd period - Puck is out of play.
8:16 of 3rd period - Mark Scheifele wins face-off versus Mikko Koivu in Dallas Stars zone.
8:38 of 3rd period - Trevor Daley is hit by Robert Hagg and loses puck.
8:51 of 3rd period - Snap shot by Matt Cullen.
8:51 of 3rd period - Shot Misses the Net.
8:53 of 3rd period - Snap shot by Matt Cullen.
8:53 of 3rd period - Goal by Matt Cullen - Minnesota Wild : 4 - Dallas Stars : 3.
8:54 of 3rd period - Mark Scheifele wins face-off versus Mika Zibanejad in neutral zone.
9:01 of 3rd period - Snap shot by Viktor Arvidsson.
9:01 of 3rd period - Shot Misses the Net.
9:03 of 3rd period - Wrist shot by Loui Eriksson.
9:03 of 3rd period - Stopped by James Reimer with a rebound.
9:05 of 3rd period - Slapshot by Oscar Klefbom.
9:05 of 3rd period - Shot Blocked by Nate Prosser.
9:19 of 3rd period - Stephen Johns is hit by Jason Zucker and loses puck.
10:24 of 3rd period - Snap shot by Devin Shore.
10:24 of 3rd period - Stopped by James Reimer without a rebound.
10:25 of 3rd period - Mika Zibanejad wins face-off versus Mark Scheifele in Minnesota Wild zone.
10:38 of 3rd period - Snap shot by Joel Eriksson Ek.
10:38 of 3rd period - Stopped by Carter Hutton with a rebound.
10:56 of 3rd period - Wrist shot by Joel Eriksson Ek.
10:56 of 3rd period - Stopped by Carter Hutton without a rebound.
10:57 of 3rd period - Mikko Koivu wins face-off versus Carl Soderberg in Dallas Stars zone.
12:03 of 3rd period - Trevor Daley is hit by Mika Zibanejad and loses puck.
12:08 of 3rd period - Wrist shot by Joel Eriksson Ek.
12:08 of 3rd period - Stopped by Carter Hutton without a rebound.
12:09 of 3rd period - Jason Zucker wins face-off versus Mark Scheifele in Dallas Stars zone.
12:34 of 3rd period - David Warsofsky is hit by John Klingberg and loses puck.
12:39 of 3rd period - Wrist shot by James Neal.
12:39 of 3rd period - Shot Misses the Net.
12:41 of 3rd period - Wrist shot by Carl Soderberg.
12:41 of 3rd period - Shot Blocked by Mika Zibanejad.
12:43 of 3rd period - Wrist shot by James Neal.
12:43 of 3rd period - Stopped by James Reimer without a rebound.
12:44 of 3rd period - Matt Cullen wins face-off versus Carl Soderberg in Minnesota Wild zone.
12:44 of 3rd period - Matt Cullen is hit by Matthew Tkachuk.
12:51 of 3rd period - Snap shot by Jordan Schroeder.
12:51 of 3rd period - Stopped by Carter Hutton without a rebound.
12:52 of 3rd period - Carl Soderberg wins face-off versus Brendan Leipsic in Dallas Stars zone.
12:52 of 3rd period - Carl Soderberg is hit by Jonas Brodin.
13:23 of 3rd period - Slapshot by Viktor Arvidsson.
13:23 of 3rd period - Goal by Viktor Arvidsson - Minnesota Wild : 4 - Dallas Stars : 4.
13:24 of 3rd period - Mikko Koivu wins face-off versus Mark Scheifele in neutral zone.
13:31 of 3rd period - Wrist shot by Mikael Granlund.
13:31 of 3rd period - Stopped by Carter Hutton with a rebound.
13:33 of 3rd period - Slapshot by Mikael Granlund.
13:33 of 3rd period - Shot Misses the Net.
13:35 of 3rd period - Slapshot by Robert Hagg.
13:35 of 3rd period - Shot Blocked by John Klingberg.
13:37 of 3rd period - Snap shot by Jason Zucker.
13:37 of 3rd period - Stopped by Carter Hutton with a rebound.
13:55 of 3rd period - Slapshot by Nick Seeler.
13:55 of 3rd period - Stopped by Carter Hutton with a rebound.
14:39 of 3rd period - Snap shot by John Klingberg.
14:39 of 3rd period - Deflect By Devin Shore.
14:39 of 3rd period - Stopped by James Reimer without a rebound.
14:40 of 3rd period - Joel Eriksson Ek wins face-off versus Derek Grant in Minnesota Wild zone.
14:47 of 3rd period - Wrist shot by Devin Shore.
14:47 of 3rd period - Shot Misses the Net.
15:05 of 3rd period - Jason Zucker is hit by Riley Sheahan and loses puck.
15:49 of 3rd period - Slapshot by Matt Cullen.
15:49 of 3rd period - Shot Blocked by Stephen Johns.
15:51 of 3rd period - Slapshot by Matt Cullen.
15:51 of 3rd period - Shot Misses the Net.
16:52 of 3rd period - Backhand shot by Mark Scheifele.
16:52 of 3rd period - Stopped by James Reimer with a rebound.
16:54 of 3rd period - Wrist shot by Viktor Arvidsson.
16:54 of 3rd period - Shot Misses the Net.
16:58 of 3rd period - Wrist shot by Viktor Arvidsson.
16:58 of 3rd period - Shot Blocked by Matt Dumba.
17:23 of 3rd period - Icing by Matt Dumba.
17:24 of 3rd period - Johan Larsson wins face-off versus Carl Soderberg in Minnesota Wild zone.
17:34 of 3rd period - Wrist shot by Luke Kunin.
17:34 of 3rd period - Stopped by Carter Hutton without a rebound.
17:35 of 3rd period - Riley Sheahan wins face-off versus Matt Cullen in Dallas Stars zone.
17:35 of 3rd period - John Klingberg is hit by Matt Cullen and loses puck.
17:44 of 3rd period - Wrist shot by Brendan Leipsic.
17:44 of 3rd period - Shot Blocked by Kyle Connor.
17:46 of 3rd period - Backhand shot by Jordan Schroeder.
17:46 of 3rd period - Shot Blocked by Tom Wilson.
18:02 of 3rd period - Devin Shore is hit by Robert Hagg and loses puck.
18:09 of 3rd period - Snap shot by Ty Rattie.
18:09 of 3rd period - Shot Blocked by Colton Parayko.
18:22 of 3rd period - Off-side.
18:23 of 3rd period - Mikko Koivu wins face-off versus Mark Scheifele in neutral zone.
18:23 of 3rd period - David Warsofsky is hit by Mark Scheifele and loses puck.
18:31 of 3rd period - Icing by Nate Prosser.
18:32 of 3rd period - Mikko Koivu wins face-off versus Riley Sheahan in Minnesota Wild zone.
18:41 of 3rd period - Snap shot by Jason Zucker.
18:41 of 3rd period - Stopped by Carter Hutton without a rebound.
18:42 of 3rd period - Riley Sheahan wins face-off versus Matt Cullen in Dallas Stars zone.
19:18 of 3rd period - Off-side.
19:19 of 3rd period - Devin Shore wins face-off versus Johan Larsson in neutral zone.
19:34 of 3rd period - Wrist shot by Johan Larsson.
19:34 of 3rd period - Stopped by Carter Hutton without a rebound.
19:35 of 3rd period - Carl Soderberg wins face-off versus Matt Cullen in Dallas Stars zone.
Goals for this period are 1 for Minnesota Wild vs 4 for Dallas Stars.
Shots for this period are 22 for Minnesota Wild vs 16 for Dallas Stars.

Overtime #1


0:01 of 1st overtime period - Mark Scheifele wins face-off versus Mikael Granlund in neutral zone.
0:26 of 1st overtime period - Colton Parayko is hit by Matt Cullen and loses puck.
1:38 of 1st overtime period - Nick Seeler is hit by Matthew Tkachuk and loses puck.
1:51 of 1st overtime period - Slapshot by James Neal.
1:51 of 1st overtime period - Stopped by James Reimer with a rebound.
2:10 of 1st overtime period - Off-side.
2:11 of 1st overtime period - Mark Scheifele wins face-off versus Jordan Schroeder in neutral zone.
2:22 of 1st overtime period - Slapshot by Jonas Brodin.
2:22 of 1st overtime period - Shot Misses the Net.
2:24 of 1st overtime period - Slapshot by Jonas Brodin.
2:24 of 1st overtime period - Shot Misses the Net.
2:34 of 1st overtime period - Slapshot by Matt Dumba.
2:34 of 1st overtime period - Shot Misses the Net.
2:36 of 1st overtime period - Snap shot by Joel Eriksson Ek.
2:36 of 1st overtime period - Stopped by Carter Hutton with a rebound.
2:46 of 1st overtime period - Slapshot by Matt Dumba.
2:46 of 1st overtime period - Shot Blocked by Colton Parayko.
2:48 of 1st overtime period - Slapshot by Matt Dumba.
2:48 of 1st overtime period - Shot Blocked by Viktor Arvidsson.
2:50 of 1st overtime period - Snap shot by Joel Eriksson Ek.
2:50 of 1st overtime period - Goal by Joel Eriksson Ek - Minnesota Wild : 5 - Dallas Stars : 4.
Goals for this period are 1 for Minnesota Wild vs 0 for Dallas Stars.
Shots for this period are 2 for Minnesota Wild vs 1 for Dallas Stars.